 Dungeon Crawl Stone Soup version 0.27.1 (webtiles) character file.

Game seed: 4302900445908101883

340 ZARRMARR the Changer (level 6, 0/42 HPs)
             Began as an Octopode Transmuter on Sept 4, 2021.
             Slain by a phantom (7 damage)
             ... on level 4 of the Dungeon.
             The game lasted 00:21:04 (7132 turns).

ZARRMARR the Changer (Octopode Transmuter)          Turns: 7132, Time: 00:21:04

Health: 0/42       AC:  1    Str:  9    XL:     6   Next: 56%
Magic:  10/11      EV: 14    Int: 17    God:
Gold:   178        SH:  0    Dex: 13    Spells: 7/11 levels left

rFire    . . .     SeeInvis .     - Unarmed
rCold    . . .     Faith    .   (no shield)
rNeg     . . .     Spirit   .   (helmet currently unavailable)
rPois    .         Reflect  .   (no amulet)
rElec    .         Harm     .   f - ring of wizardry
rCorr    .         Rampage  .   t - ring of wizardry
Will     .....                  (no ring)
Stlth    ++........             (no ring)
HPRegen  0.14/turn              (no ring)
MPRegen  0.12/turn              (no ring)
                                (no ring)
                                (no ring)

@: appendages
A: tentacle spike 3, almost no armour, amphibious, 8 rings, camouflage 1,
gelatinous body 1, (nimble swimmer 1), tentacles
a: End Transformation


You were on level 4 of the Dungeon.
One of your tentacles had grown a beastly spike.
You visited 1 branch of the dungeon, and saw 5 of its levels.

You collected 178 gold pieces.

Inventory:

Missiles
 g - 2 boomerangs (quivered)
Armour
 n - a +0 kite shield
Jewellery
 f - a ring of wizardry (left tentacle)
 r - a ring of ice
 t - a ring of wizardry (right tentacle)
Wands
 q - a wand of iceblast (9)
Scrolls
 c - a scroll of vulnerability
 d - 2 scrolls of enchant armour {unknown}
 i - a scroll of immolation {unknown}
 j - 3 scrolls of teleportation
 m - a scroll of summoning {unknown}
 o - a scroll of torment {unknown}
 p - a scroll of blinking {unknown}
Potions
 a - a potion of invisibility {unknown}
 b - a potion of heal wounds {unknown}
 e - a potion of degeneration {unknown}
 h - 2 potions of flight
 k - 3 potions of curing
 l - a potion of attraction {unknown}
 s - 2 potions of haste {unknown}


   Skills:
 + Level 3.0 Fighting
 + Level 3.5 Dodging
 + Level 1.6 Shields
 - Level 3.0 Unarmed Combat
 + Level 3.3 Spellcasting
 + Level 3.6 Transmutations


You had 7 spell levels left.
You knew the following spells:

 Your Spells              Type           Power      Damage    Failure   Level
a - Beastly Appendage     Tmut           30%        N/A       1%          1
b - Spider Form           Tmut/Pois      4%         N/A       7%          3

Your spell library contained the following spells:

 Spells                   Type           Power      Damage    Failure   Level
 Wereblood                Tmut           15%        N/A       1%          2
 Passwall                 Tmut/Erth      7%         N/A       3%          2
 Call Canine Familiar     Summ           2%         N/A       13%         3
 Gell's Gravitas          Tloc           1%         N/A       13%         3
 Portal Projectile        Hex/Tloc       4%         N/A       13%         3
 Swiftness                Air            2%         N/A       13%         3
 Teleport Other           Tloc           2%         N/A       13%         3
 Ice Form                 Ice/Tmut       9%         N/A       21%         4
 Leda's Liquefaction      Hex/Erth       1%         N/A       38%         4
 Dispersal                Tloc           1%         N/A       99%         6
 Invisibility             Hex            1%         N/A       99%         6


Dungeon Overview and Level Annotations

Branches:
Dungeon (5/15)
 Temple: D:4-7

Altars:
Gozag
Wu Jian

Shops:
D:5 =

Annotations:
D:3 3 runed translucent doors, WaxSun's ghost, amateur FoAK
D:5 Grinder


Innate Abilities, Weirdness & Mutations

One of your tentacles has grown a beastly spike.
You cannot wear most types of armour.
You are amphibious.
You can wear up to eight rings at the same time.
Your skin changes colour to match your surroundings (Stealth+).
Your rubbery body absorbs attacks. (AC +1, EV +1)
((You are camouflaged near water. (Stealth+)))
You have tentacles for arms and can constrict up to eight enemies at once.


Message History

The phantom is severely damaged.
The phantom hits you.
You tentacle-slap the phantom but do no damage.
Your tentacle spike misses the phantom.
The phantom is severely damaged.
The phantom completely misses you.
You miss the phantom.
The phantom is severely damaged.
The phantom hits you.
You barely miss the phantom.
The phantom is severely damaged.
The phantom hits you.
You barely miss the phantom.
Your tentacle spike misses the phantom.
The phantom is severely damaged.
Your tentacle spike disappears.
The phantom hits you but does no damage.
Casting: Beastly Appendage (safe; 1% risk of failure)
Confirm with . or Enter, or press ? or * to list all spells.
One of your tentacles grows a vicious spike.
The phantom closely misses you.
You closely miss the phantom.
Your tentacle-slap misses the phantom.
The phantom is severely damaged.
The phantom closely misses you.
You miss the phantom.
You pierce the phantom, but do no damage.
The phantom is severely damaged.
The phantom hits you.
* * * LOW HITPOINT WARNING * * *
The phantom blinks!
You blink.
You miss the phantom.
The phantom is severely damaged.
The phantom closely misses you.
You closely miss the phantom.
The phantom is severely damaged.
The phantom hits you.
* * * LOW HITPOINT WARNING * * *
You completely miss the phantom.
Your tentacle spike misses the phantom.
The phantom is severely damaged.
The phantom hits you!
You die...

## .## #.# ### #.####.##
#W@...ยง.## ##..#.....##
########....#.....### #
....................###...
.................#........
######..#...........## .#
#...##..........# ...
#..####........## #.# #..#
#........##


You could see a phantom.

Vanquished Creatures
  2 iguanas (D:5)
  Natasha (D:2)
  2 orc wizards
  2 scorpion zombies (D:5)
  A hound zombie (D:5)
  6 adders
  2 ufetubi
  3 dart slugs
  8 orcs
  6 endoplasms
  2 giant cockroaches (D:1)
  5 goblins
  5 hobgoblins
  4 jackals (D:1)
  3 quokkas
  8 ball pythons
  6 bats
  3 frilled lizards
  5 kobolds
  9 rats
83 creatures vanquished.

Notes
Turn   | Place    | Note
-------+----------+-------------------------------------------
     0 | D:1      | ZARRMARR the Octopode Transmuter began the quest for the
                  | Orb.
     0 | D:1      | Reached XP level 1. HP: 13/13 MP: 3/3
   357 | D:1      | Reached XP level 2. HP: 11/18 MP: 3/5
  1268 | D:1      | Reached XP level 3. HP: 23/23 MP: 4/6
  1417 | D:1      | Found a faded altar of an unknown god.
  2501 | D:2      | Found an opulent altar of Gozag.
  2670 | D:2      | Reached XP level 4. HP: 13/29 MP: 5/7
  3846 | D:2      | Noticed Natasha
  3861 | D:2      | Killed Natasha
  3862 | D:2      | Reached XP level 5. HP: 8/35 MP: 9/9
  4362 | D:3      | Found a runed translucent gate.
  4362 | D:3      | Found a runed translucent gate.
  4362 | D:3      | Found a runed translucent gate.
  4369 | D:3      | Noticed WaxSun's ghost (amateur FoAK)
  5544 | D:4      | Found an ornate altar of the Wu Jian Council.
  5961 | D:4      | Noticed an ogre
  6014 | D:5      | Entered Level 5 of the Dungeon
  6014 | D:5      | Found Wuroc's Jewellery Shoppe.
  6083 | D:5      | Reached skill level 1 in Shields
  6307 | D:5      | Reached XP level 6. HP: 29/41 MP: 10/10
  6794 | D:5      | Learned a level 3 spell: Spider Form
  7035 | D:5      | Noticed Grinder
  7132 | D:4      | Slain by a phantom

Illustrated notes

Levels and vault maps discovered:
D:1:      eino_arrival_druids_welcome, layout_basic,
          shapermc_ecumenical_altar_venn
D:2:      layout_basic, basic_altar, st_stairs_7, minmay_bisected, uniq_natasha
D:3:      layout_loops_ring, ebering_ghost_rock_garden,
          kennysheep_generic_room_12
D:4:      layout_layer_cave, mainiacjoe_overflow_alcove_1,
          palyth_stone_intersect
D:5:      layout_loops_ring, nicolae_stop_n_shop_2, uniq_grinder

Skill      XL: |  1  2  3  4  5  6 |
---------------+-------------------+-----
Fighting       | 2 3 |  3.0
Transmutations | 3 |  3.6
Dodging        | 3 |  3.5
Spellcasting   | 3 |  3.3
Shields        | 1 |  1.6
Unarmed Combat | |  3.0

Action                   |  1- 3 |  4- 6 || total
-------------------------+-------+-------++-------
Melee: Unarmed           |    97 |   167 ||   264
       Kick              |    23 |    42 ||    65
       Tentacles         |    13 |    26 ||    39
       Constrict         |    23 |    31 ||    54
       Punch             |     1 |       ||     1
Throw: Boomerang         |       |     4 ||     4
 Cast: Beastly Appendage |    27 |    40 ||    67
  Use: Scroll            |     1 |     1 ||     2
       Potion            |       |     2 ||     2
 Stab: Sleeping          |     2 |     8 ||    10
Armor: Skin              |     2 |     7 ||     9
Dodge: Dodged            |    64 |    88 ||   152
